 Dungeon Crawl Stone Soup version 0.26-a0-1213-gd52f5182fe (webtiles) character file.

Game seed: 10863032257655963561

653 sokol815 the Sneak (level 7, -1/45 HPs)
             Began as an Octopode Gladiator on Dec 30, 2020.
             Was an Initiate of Sif Muna.
             Slain by a sky beast (5 damage)
             ... on level 6 of the Dungeon.
             The game lasted 00:11:33 (5844 turns).

sokol815 the Sneak (Octopode Gladiator)             Turns: 5844, Time: 00:11:33

Health: -1/45      AC:  3    Str: 13    XL:     7   Next: 54%
Magic:  16/16      EV: 14    Int: 13    God:    Sif Muna [......]
Gold:   246        SH:  8    Dex: 13    Spells: 6/6 levels left

rFire    + . .     SeeInvis .   a - +1 long sword
rCold    x . .     Faith    .   j - +3 buckler
rNeg     . . .     Spirit   .   q - +2 hat
rPois    .         Reflect  .   e - amulet of magic regeneration
rElec    .         Harm     .   s - ring of magical power {MP+9}
rCorr    +         Rampage  .   u - ring of resist corrosion
Will     .....                  y - ring of fire {rF+, rC-}
Stlth    +++++.....             (no ring)
HPRegen  0.15/turn              (no ring)
MPRegen  0.40/turn              (no ring)
                                (no ring)
                                (no ring)

@: no status effects
A: almost no armour, stealthy swim, amphibious, 8 rings, constrict 8, camouflage
1, gelatinous body 1
a: Renounce Religion


You were on level 6 of the Dungeon.
You worshipped Sif Muna.
Sif Muna was noncommittal.
You visited 2 branches of the dungeon, and saw 7 of its levels.

You collected 246 gold pieces.

Inventory:

Hand Weapons
 a - a +1 long sword (weapon)
 b - a +0 dagger of venom
   (You took it off a goblin on level 2 of the Dungeon)
 m - a +1 trident of venom
   (You took it off a gnoll sergeant on level 5 of the Dungeon)
Missiles
 c - 3 throwing nets {=f, !d}
 h - 101 stones (quivered)
 i - 25 bolts
 l - 45 poisoned darts
Armour
 j - a +3 buckler (worn)
   (You found it on level 1 of the Dungeon)
 q - a +2 hat (worn)
 z - a +0 kite shield
   (You took it off a gnoll sergeant on level 5 of the Dungeon)
Jewellery
 e - an amulet of magic regeneration (around mantle)
   (You found it on level 1 of the Dungeon)
 s - a ring of magical power (left tentacle) {MP+9}
   (You found it on level 3 of the Dungeon)
 u - a ring of resist corrosion (right tentacle)
   (You found it on level 3 of the Dungeon)
 y - a ring of fire (on tentacle) {rF+, rC-}
   (You found it on level 5 of the Dungeon)
Scrolls
 n - 2 scrolls of identify
 o - 2 scrolls of remove curse
 p - 8 scrolls of teleportation
 r - a scroll of amnesia
 t - a scroll of random uselessness {unknown}
 v - 4 scrolls of fog
 w - a scroll of blinking {unknown}
 x - a scroll of enchant armour
Potions
 f - 2 potions of curing
 g - a potion of attraction {unknown}


   Skills:
 - Level 2.0 Fighting
 + Level 4.9 Long Blades
 - Level 2.0 Throwing
 - Level 3.0 Dodging
 * Level 7.6 Stealth
 - Level 4.0 Shields


You had 6 spell levels left.
You didn't know any spells.
Your spell library was empty.

Dungeon Overview and Level Annotations

Branches:
Dungeon (6/15)             Temple (1/1) D:5

Altars:
Ashenzari
Cheibriados
Elyvilon
Fedhas
Gozag
Hepliaklqana
Kikubaaqudgha
Makhleb
Nemelex Xobeh
Qazlal
Ru
Sif Muna
Wu Jian
Xom
Yredelemnul
Zin
The Shining One

Annotations:
D:3 1 runed translucent door, Ijyb
D:4 Sigmund
D:5 exclusions: 2 ogres and scorpion


Innate Abilities, Weirdness & Mutations

You cannot wear most types of armour.
You are very stealthy in the water. (Stealth+)
You are amphibious.
You can wear up to eight rings at the same time.
You can use your tentacles to constrict eight enemies at once.
Your skin changes colour to match your surroundings (Stealth+).
Your rubbery body absorbs attacks. (AC +1, EV +1)


Message History

You open the door.
There is an open door here.
You open the door.
There is an open door here.
You now have 211 gold pieces (gained 11).
h - 86 stones (gained 13)
You open the door.
There is an open door here.
There is an open door here.
You open the door.
There is an open door here.
Found a stone staircase leading down.
There is an open door here.
There is an open door here.
n - 2 scrolls of identify (gained 1)
There is an open door here.
There is an open door here.
There is an open door here.
A hound comes into view.
The hound barks!
Found a burning altar of Makhleb.
You barely miss the hound. You grab the hound. You constrict the hound.
The hound bites you. The hound misses you.
You take 2 damage, and have 43/45 hp.
You hit the hound. You constrict the hound. You block the hound's attack.
You hit the hound. You constrict the hound.
You kill the hound!
Sif Muna accepts your kill.
No target in view!
h - 101 stones (gained 15)
There is an open door here.
You see here a hand axe.
You see here 18 arrows.
You now have 231 gold pieces (gained 20).
As you open the door, it creaks loudly!
There is an open door here.
You see here a spear.
You open the door.
There is an open door here.
Partly explored, can't reach some places.
Health restored: 45 Partly explored, can't reach some places.
(D) Dungeon (T) Temple
Where to? (Enter - D:5, ? - help)
There is a stone staircase leading down here.
You climb downwards.
You hear the hiss of flowing sand.
There is an entrance to an ossuary on this level.
Hurry and find it before the portal is buried!
There is a stone staircase leading up here.
As you read the scroll labelled XIXTAOWUNO, it crumbles to dust.
It is a scroll of amnesia.
You feel forgetful for a moment.
As you read the scroll labelled OGOREN NANIF, it crumbles to dust.
It is a scroll of enchant weapon.
Your +0 long sword glows red for a moment.
As you read the scroll labelled ESULOS GEERY, it crumbles to dust.
You feel aware of your surroundings.
You sensed 3 altars, and 1 shop/portal.
It was a scroll of magic mapping.
You now have 246 gold pieces (gained 15).
Found a stone staircase leading up.
A bullfrog comes into view.
A sky beast comes into view.
You hear the slow hiss of an avalanche of sand nearby.
The helpless sky beast fails to defend itself.
You hit the sky beast but do no damage. You squeeze the sky beast.
The sky beast completely misses you.
You miss the sky beast. You block the sky beast's attack.
You miss the sky beast. You block the sky beast's attack.
You hit the sky beast. The sky beast hits you. The sky beast shocks you.
You take 8 damage, and have 37/45 hp.
You closely miss the sky beast. The sky beast misses you.
You hit the sky beast. Your squeeze misses the sky beast.
You block the sky beast's attack.
You hit the sky beast. You block the sky beast's attack.
The sky beast hits you. The sky beast shocks you.
You take 8 damage, and have 29/45 hp.
You closely miss the sky beast. Your squeeze misses the sky beast.
The sky beast hits you. The sky beast shocks you.
You take 9 damage, and have 20/45 hp.
You hit the sky beast. Your squeeze misses the sky beast.
You block the sky beast's attack.
You miss the sky beast. You block the sky beast's attack.
You closely miss the sky beast. The sky beast closely misses you.
You hit the sky beast but do no damage. You block the sky beast's attack.
You miss the sky beast.
You squeeze the sky beast, but do no damage.
The sky beast flickers out of sight!
Deactivating autopickup; reactivate with Ctrl-A.
Something hits you. Something shocks you. Something hits you.
* * * LOW HITPOINT WARNING * * *
Something shocks you.
* * * LOW HITPOINT WARNING * * *
You take 15 damage, and have 6/45 hp.
MASSIVE DAMAGE!!
A sky beast appears from thin air!
Reactivating autopickup.
You closely miss the sky beast. The sky beast hits you.
* * * LOW HITPOINT WARNING * * *
The sky beast shocks you.
You die...

,*** *,,* # ,+,* *,F#
+*+* *..# ,*,* *..#
**** *###* ##..#
**,..#* #...# ##
**,**#.## ##.#.# #.
#,** *#.######....# #.
#.* #..Y@......#* #.
#.#*
##.######.<.#########.
**######.###.##
#...#.........
,,..........##
#...#.########
**#..######## #...#.#
*,,* #..#..# *,,*
#...#.# *,,*******
#.#.#.# *,,,,,,,,*
******#.#.#.#


You could see a sky beast.

Vanquished Creatures
  An ogre (D:5)
  A gnoll sergeant (D:5)
  2 scorpions
  2 centaur skeletons
  3 hounds
  An iguana (D:4)
  A worker ant (D:5)
  A hound skeleton (D:5)
  A howler monkey skeleton (D:4)
  4 adders
  5 gnolls
  4 worms
  3 dart slugs
  5 leopard geckos
  4 orcs
  5 giant cockroaches
  6 goblins
  5 hobgoblins
  4 kobolds
  2 quokkas
  2 ball pythons
  15 bats
  8 frilled lizards
  A giant cockroach zombie (D:5)
  A quokka skeleton (D:4)
  6 rats
93 creatures vanquished.

Notes
Turn   | Place    | Note
-------+----------+-------------------------------------------
     0 | D:1      | sokol815 the Octopode Gladiator began the quest for the
                  | Orb.
     0 | D:1      | Reached XP level 1. HP: 14/14 MP: 1/1
    47 | D:1      | Reached skill level 1 in Stealth
   178 | D:1      | Reached skill level 2 in Stealth
   178 | D:1      | Reached XP level 2. HP: 19/19 MP: 2/2
   992 | D:2      | Reached skill level 3 in Stealth
   992 | D:2      | Reached XP level 3. HP: 18/24 MP: 3/3
  1225 | D:2      | Reached skill level 1 in Shields
  1454 | D:2      | Reached XP level 4. HP: 29/29 MP: 4/4
  1924 | D:3      | Noticed Ijyb
  2085 | D:3      | Reached skill level 4 in Stealth
  2521 | D:3      | Found a broken altar of Ashenzari.
  2629 | D:3      | Reached skill level 2 in Shields
  2629 | D:3      | Reached XP level 5. HP: 15/34 MP: 5/5
  2893 | D:3      | Found a runed translucent door.
  3412 | D:4      | Reached skill level 4 in Long Blades
  3412 | D:4      | Reached skill level 5 in Stealth
  3412 | D:4      | Reached XP level 6. HP: 21/39 MP: 6/6
  3653 | D:4      | Noticed Sigmund
  3682 | D:4      | Reached skill level 3 in Shields
  3953 | D:4      | Found a glowing golden altar of the Shining One.
  4531 | D:5      | Entered Level 5 of the Dungeon
  4559 | D:5      | Reached skill level 6 in Stealth
  4599 | D:5      | Found a staircase to the Ecumenical Temple.
  4608 | Temple   | Entered the Ecumenical Temple
  4889 | Temple   | Became a worshipper of Sif Muna the Loreminder
  5145 | D:5      | Found an opulent altar of Gozag.
  5223 | D:5      | Reached skill level 4 in Shields
  5223 | D:5      | Reached XP level 7. HP: 25/45 MP: 7/7
  5537 | D:5      | Reached skill level 7 in Stealth
  5623 | D:5      | Found a burning altar of Makhleb.
  5836 | D:6      | HP: 11/45 [something (3)]
  5844 | D:6      | HP: 4/45 [sky beast (3)]
  5844 | D:6      | Slain by a sky beast

Illustrated notes

Levels and vault maps discovered:
D:1:      lightli_arrival_statue_moat, layout_rooms, roderic_cross_of_infinity
D:2:      layout_basic
D:3:      kennysheep_big_flooded_room, layout_basic,
          lemuel_coloured_pillars_altar, ebering_ghost_inner_flame, uniq_ijyb
D:4:      layout_basic, nicolae_tso_swordbearing_angel, cheibrodos_gnoll_hut,
          uniq_sigmund
D:5:      layout_basic, marbit_many_paths, minmay_temple_entry_slanted,
          makhleb_heckhound_becter
D:6:      layout_loops_ring, grunt_temple_overflow_open,
          nicolae_ossuary_entry_catacombs
Temple:   minmay_temple_curvy_branch

Skill      XL: |  1  2  3  4  5  6  7 |
---------------+----------------------+-----
Stealth        | 2 3 4 5 6 7 |  7.6
Shields        | 1 2 4 |  4.0
Long Blades    | 4 |  4.9
Fighting       | |  2.0
Throwing       | |  2.0
Dodging        | |  3.0

Action                   |  1- 3 |  4- 6 |  7- 9 || total
-------------------------+-------+-------+-------++-------
Melee: Long sword        |    51 |    93 |    28 ||   172
       Constrict         |    15 |    30 |     4 ||    49
       Tentacles         |    10 |    21 |     3 ||    34
       Dagger            |       |       |     1 ||     1
Throw: Stone             |    49 |   166 |     9 ||   224
  Use: Scroll            |     3 |     8 |     3 ||    14
       Potion            |       |       |     1 ||     1
 Stab: Sleeping          |     3 |     1 |     2 ||     6
Armor: Skin              |     5 |    11 |     1 ||    17
Dodge: Dodged            |    25 |    37 |     7 ||    69
Block: Buckler           |     3 |    30 |    15 ||    48
       Rpst.: Long sword |     4 |     9 |     1 ||    14

Table legend: (Time is in decaauts)
 A = Elapsed time spent in this place.
 B = Non-inter-level travel time spent in this place.
 C = Inter-level travel time spent in this place.
 D = Time resting spent in this place.
 E = Time spent auto-exploring this place.
 F = Levels seen in this place.
 G = Mean time per level.
                   A        B        C        D        E       F      G
               +--------+--------+--------+--------+--------+-----+--------+
         Total |   5884 |   5607 |    277 |   1107 |   3623 |   7 |  840.6 |
       Dungeon |   5591 |   5383 |    208 |   1107 |   3401 |   6 |  931.8 |
        Temple |    292 |    223 |     69 |      0 |    222 |   1 |  292.0 |
               +--------+--------+--------+--------+--------+-----+--------+

Top non-repeatable levels by time:
     D:4: 1355 daAuts
     D:2: 1187 daAuts
     D:3: 1085 daAuts
     D:5: 952 daAuts
     D:1: 937 daAuts
  Temple: 292 daAuts
     D:6: 73 daAuts

Table legend:
 A = Kills in this place as a percentage of kills in entire the game.
 B = Kills by you in this place as a percentage of kills by you in the entire game.
 C = Kills by friends in this place as a percentage of kills by friends in the entire game.
 D = Other kills in this place as a percentage of other kills in the entire game.
 E = Experience gained in this place as a percentage of experience gained in the entire game.
 F = Experience gained in this place divided by the number of levels of this place that you have seen.
                   A       B       C       D       E      F
               +-------+-------+-------+-------+-------+----------------------
         Total | 100.0 | 100.0 |   N/A |   N/A | 100.0 | 133.3
       Dungeon | 100.0 | 100.0 |   N/A |   N/A | 100.0 | 155.5
               +-------+-------+-------+-------+-------+----------------------
